 Dungeon Crawl Stone Soup version 0.30-a0-996-ga6910c8ee8 (webtiles) character file.

Game seed: 12486538753203181299

32 retardedninja the Trooper (level 3, 0/34 HPs)
             Began as a Naga Fighter on Apr 4, 2023.
             Slain by a goblin
             ... wielding a +0 dagger
              (3 damage)
             ... on level 2 of the Dungeon.
             The game lasted 00:00:59 (844 turns).

retardedninja the Trooper (Naga Fighter)             Turns: 844, Time: 00:01:00

Health: 0/34       AC:  4    Str: 20    XL:     3   Next: 27%
Magic:  3/3        EV:  7    Int:  8    God:
Gold:   159        SH:  4    Dex: 10    Spells: 2/2 levels left

rFire   . . .      SeeInvis +    a - +0 war axe
rCold   . . .      Faith    .    c - +0 buckler
rNeg    . . .      Spirit   .    b - +0 scale mail
rPois   +          Reflect  .    (no helmet)
rElec   .          Rampage  .    (no cloak)
rCorr   .                        (no gloves)
Will    .....                    (no barding) Stlth
                                 (no amulet)
HPRegen 0.25/turn                (no ring)
MPRegen 0.08/turn                (no ring)

@: mighty, very slow
A: AC +1, large, see invisible, deformed body, poison resistance, slowness 2,
spit poison 1, naga tail 1
a: Spit Poison


You were on level 2 of the Dungeon.
You visited 1 branch of the dungeon, and saw 2 of its levels.

You collected 159 gold pieces.

Inventory:

Hand Weapons
 a - a +0 war axe (weapon)
Armour
 b - a +0 scale mail (worn)
 c - a +0 buckler (worn)
Scrolls
 e - a scroll of magic mapping {unknown}
 f - 4 scrolls of identify {unknown}
 h - a scroll of blinking {unknown}
 k - a scroll of butterflies {unknown}
Potions
 g - 2 potions of flight {unknown}
 i - a potion of haste {unknown}
 j - a potion of lignification {unknown}


   Skills:
 + Level 3.3 Fighting
 + Level 2.4 Axes
 + Level 2.7 Armour
 + Level 3.0 Shields


You had 2 spell levels left.
You didn't know any spells.
Your spell library was empty.

Dungeon Overview and Level Annotations

Branches:
Dungeon (2/15)

Altars:
Uskayaw

Annotations:
D:2 Robin


Innate Abilities, Weirdness & Mutations

Your serpentine skin is tough. (AC +1)
You have supernaturally acute eyesight. (SInv)
Armour fits poorly on your strangely shaped body.
Your system is resistant to poisons. (rPois)
You cover ground very slowly.
You can spit poison.
You have a snake-like lower body.


Message History

The goblin barely misses you. The goblin hits you but does no damage.
You feel very mighty all of a sudden. The goblin hits you with a +0 club. x2
Unknown command.
You barely miss the goblin. x2; The goblin barely misses you.
The goblin closely misses you.
Unknown command.
You slash the goblin!
You kill the goblin!
You closely miss the goblin. The goblin barely misses you.
The goblin hits you but does no damage. x2
You barely miss the goblin. You slash the goblin!
You kill the goblin!
The goblin hits you with a +0 club.
Unknown command.
You closely miss the goblin.
The goblin no longer looks unusually strong.
You block the goblin's attack. Robin throws the goblin at you!
Unknown command.
You slash the goblin!
You kill the goblin!
You slash the goblin!
You kill the goblin!
Robin throws the goblin at you! The goblin hits you with a +0 club.
The goblin barely misses you. The goblin hits you with a +0 club.
* * * LOW HITPOINT WARNING * * *
You slash the goblin!
You kill the goblin!
You hit the goblin.
The goblin no longer looks unusually strong.
Robin throws the goblin at you! You block the goblin's attack.
Unknown command.
Unknown command.
You barely miss the goblin. You slash the goblin!
You kill the goblin!
Robin throws the goblin at you!
* * * LOW HITPOINT WARNING * * *
The goblin hits you but does no damage. x2
The goblin hits you with a +0 dagger.
You die...

#.#.....#
####.## #.#
#.####†#
#......#
#####..#
#..#
#.$#####g###
#..g@gg.....
#.######...#
#.# # #.# #.
#. #.


You could see Robin and 3 goblins.

Vanquished Creatures
  An adder (D:2)
  A ball python (D:2)
  2 giant cockroaches
  8 goblins
  A hobgoblin (D:2)
  2 quokkas
  2 bats
  2 kobolds (D:1)
  3 rats
22 creatures vanquished.

Notes
Turn   | Place    | Note
-------+----------+-------------------------------------------
     0 | D:1      | retardedninja the Naga Fighter began the quest for the Orb.
     0 | D:1      | Reached XP level 1. HP: 21/21 MP: 1/1
   417 | D:1      | Reached XP level 2. HP: 28/28 MP: 2/2
   787 | D:2      | Found a hide-covered altar of Uskayaw.
   821 | D:2      | Reached XP level 3. HP: 33/34 MP: 3/3
   829 | D:2      | Noticed Robin
   844 | D:2      | Slain by a goblin

Illustrated notes

Levels and vault maps discovered:
D:1:      psy_arrival_fountain, layout_basic
D:2:      layout_loops_ring, basic_altar, minmay_misc_feat_five, uniq_robin

Skill      XL: |  1  2 |
---------------+-------+-----
Shields        | 3 |  3.0
Fighting       | |  3.3
Axes           | |  2.4
Armour         | |  2.7

Action                     || total
---------------------------++-------
  Melee: War axe           ||    64
    Use: Potion            ||     1
 Armour: Scale mail        ||    33
  Dodge: Dodged            ||    35
  Block: Buckler           ||    18

Table legend: (Time is in decaauts)
 A = Elapsed time spent in this place.
 B = Non-inter-level travel time spent in this place.
 C = Inter-level travel time spent in this place.
 D = Time resting spent in this place.
 E = Time spent auto-exploring this place.
 F = Levels seen in this place.
 G = Mean time per level.
                   A        B        C        D        E       F      G
               +--------+--------+--------+--------+--------+-----+--------+
         Total |   1129 |   1108 |     21 |      0 |    943 |   2 |  564.5 |
       Dungeon |   1129 |   1108 |     21 |      0 |    943 |   2 |  564.5 |
               +--------+--------+--------+--------+--------+-----+--------+

Top non-repeatable levels by time:
     D:1: 922 daAuts
     D:2: 206 daAuts
